 Dungeon Crawl Stone Soup version 0.29-a0-1047-g7c58e119a4 (webtiles) character file.

Game seed: 6371961043711988952

4 Zeldest the Insei (level 1, 0/11 HPs)
             Began as a Vine Stalker Monk on Aug 16, 2022.
             Slain by a quokka (3 damage)
             ... on level 1 of the Dungeon.
             The game lasted 00:00:33 (122 turns).

Zeldest the Insei (Vine Stalker Monk)                Turns: 122, Time: 00:00:33

Health: 0/11       AC:  2    Str: 13    XL:     1   Next: 70%
Magic:  0/2        EV: 12    Int: 10    God:
Gold:   17         SH:  0    Dex: 16    Spells: 0/0 levels left

rFire   . . .      SeeInvis .     - Unarmed
rCold   . . .      Faith    .   (no shield)
rNeg    . . .      Spirit   +   a - +0 robe
rPois   .          Reflect  .   (no helmet)
rElec   .          Harm     .   (no cloak)
rCorr   .          Rampage  .   (no gloves)
Will    .....                   (no boots)
Stlth   ++........              (no amulet)
HPRegen 0.03/turn               (no ring)
MPRegen 0.08/turn               (no ring)

@: no status effects
A: fangs 2, magic shield, antimagic bite, no potion heal 2
a: no special abilities


You were on level 1 of the Dungeon.
You visited 1 branch of the dungeon, and saw 1 of its levels.

You collected 17 gold pieces.

Inventory:

Armour
 a - a +0 robe (worn)
Scrolls
 c - a scroll of identify {unknown}
 d - a scroll of enchant armour {unknown}
Potions
 b - a potion of ambrosia
 e - a potion of lignification {unknown}


   Skills:
 + Level 2.7 Fighting
 + Level 0.2 Armour
 + Level 2.4 Dodging
 - Level 2.4 Stealth
 * Level 3.1 Unarmed Combat


You couldn't memorise any spells.
You didn't know any spells.
Your spell library was empty.

Dungeon Overview and Level Annotations

Branches:
Dungeon (1/15)

Altars:


Innate Abilities, Weirdness & Mutations

You have extremely sharp teeth.
When hurt, damage is shared between your health and your magic reserves.
Your bite disrupts and absorbs the magic of your enemies.
Potions cannot restore your health.


Message History

You kill the bat!
You open the door.
There is an open door here.
You open the door.
Found a ruby potion.
A kobold comes into view. It is wielding a +0 dagger.
There is an open door here.
A rat comes into view.
The kobold shouts!
The kobold throws a stone.
The stone closely misses you.
The kobold throws a stone.
The stone closely misses you.
The kobold throws a stone.
The stone hits you but does no damage. The rat bites you but does no damage.
You hit the rat.
You kill the rat!
A quokka comes into view.
Found an escape hatch in the floor.
The kobold throws a stone.
The stone hits you.
You see here a ruby potion.
e - a ruby potion You miss the kobold.
You punch the kobold. Your bite misses the kobold.
The kobold is severely wounded.
The kobold hits you with a +0 dagger.
You closely miss the kobold. You bite the kobold, but do no damage.
The kobold is severely wounded.
The kobold hits you but does no damage.
You hit the kobold but do no damage.
The kobold is severely wounded.
The kobold misses you.
You hit the kobold but do no damage.
The kobold is severely wounded.
The kobold misses you.
You completely miss the kobold. Your bite misses the kobold.
The kobold is moderately wounded.
The kobold hits you with a +0 dagger.
* * * LOW HITPOINT WARNING * * *
You hit the kobold.
You kill the kobold!
The quokka attacks as you move away! The quokka bites you.
You die...

###########+#'########.##
#.....>.................)
######.######.###########
#............... .
######....####.. #
#..'....# #.##....#
#####'####+##
#....@.....# #....r.....#
#..........# #..........#
#....).....# #..........#
#..........# ##.....###.#
#.....# .#


You could see a quokka.

Vanquished Creatures
  A bat (D:1)
  A hobgoblin (D:1)
  2 kobolds (D:1)
  A rat (D:1)
5 creatures vanquished.

Notes
Turn   | Place    | Note
-------+----------+-------------------------------------------
     0 | D:1      | Zeldest the Vine Stalker Monk began the quest for the Orb.
     0 | D:1      | Reached XP level 1. HP: 11/11 MP: 2/2
   122 | D:1      | Slain by a quokka

Illustrated notes

Levels and vault maps discovered:
D:1:      amcnicky_arrival_wind_blow, layout_basic,
          dreamdust_ecumenical_altar_hidden_monk_grotto, serial_corexii_hall,
          chequers_hall_statues_y, chequers_hall_statues_corner_a,
          corexii_hall_statues_l, chequers_hall_statues_wall_a, serial_shops,
          nicolae_shop_trees

Action                   || total
-------------------------++-------
Melee: Unarmed           ||    20
       Bite              ||     3
       Punch             ||     1
 Stab: Sleeping          ||     1
Armor: Robe              ||     7
Dodge: Dodged            ||    13

Table legend: (Time is in decaauts)
 A = Elapsed time spent in this place.
 B = Non-inter-level travel time spent in this place.
 C = Inter-level travel time spent in this place.
 D = Time resting spent in this place.
 E = Time spent auto-exploring this place.
 F = Levels seen in this place.
 G = Mean time per level.
                   A        B        C        D        E       F      G
               +--------+--------+--------+--------+--------+-----+--------+
         Total |    120 |    120 |      0 |      0 |      0 |   1 |  120.0 |
       Dungeon |    120 |    120 |      0 |      0 |      0 |   1 |  120.0 |
               +--------+--------+--------+--------+--------+-----+--------+

Top non-repeatable levels by time:
     D:1: 120 daAuts
